[Event "FIDE WCCC Girls-12 2024"]
[Site "Montesilvano"]
[Date "2024.11.20"]
[Round "6.17"]
[White "Huang, Lucia"]
[Black "Aadya Ranganath"]
[Result "0-1"]
[ECO "C54"]
[WhiteElo "1621"]
[BlackElo "1753"]
[Annotator "NA RC"]
[PlyCount "68"]
[EventDate "2024.11.18"]
[EventType "swiss"]
[EventCountry "ITA"]
[SourceTitle "playchess.com"]
[Source "ChessBase"]
[SourceQuality "1"]
[TimeControl "5400+30"]

1. e4 e5 2. Nf3 Nc6 3. Bc4 Bc5 4. O-O Nf6 5. d3 h6 6. c3 a6 7. a4 d6 8. h3 O-O 9. Be3 Bxe3 10. fxe3 Ne7 11. Na3 Ng6 12. Qe1 c6 13. Ba2 d5 14. exd5 cxd5 15. Rd1 Bd7 16. b3 b5 17. Bb1 bxa4 18. bxa4 Bxa4 19. Bc2 Bxc2 20. Nxc2 a5 21. Ra1 Qc7 22. Na3 Rfc8 23. c4 dxc4 24. dxc4 Rd8 25. Qc3 Nd5 26. Qc1 Nb4 27. Rd1 Rxd1+ 28. Qxd1 Rd8 29. Qe2 Qc5 30. Kh2 Rd3 31. e4 Re3 32. Qf2 Nd3 33. Qd2 Ngf4 34. Nb5 Re2 0-1